 Dungeon Crawl Stone Soup version 0.32-a0-571-gec57dfcd37 (webtiles) character file.

Game seed: 2210873855724262596

968 cforsyth the Reanimator (level 7, -3/64 HPs)
             Began as a Mountain Dwarf Necromancer on Mar 1, 2024.
             Slain by a gnoll
             ... wielding a +0 halberd
             ... led by a gnoll sergeant
              (8 damage)
             ... on level 5 of the Dungeon.
             The game lasted 00:05:48 (4078 turns).

cforsyth the Reanimator (MDNe)                      Turns: 4078, Time: 00:05:49

Health: -3/64      AC:  7    Str: 12      XL:     7   Next: 93%
Magic:  6/9        EV: 10    Int: 16      God:
Gold:   215        SH:  0    Dex:  9 (10) Spells: 4/9 levels left

rFire   . . .        s - +2 whip (freeze)
rCold   . . .        m - orb {light}
rNeg    . . .        j - +0 ring mail
rPois   .            n - +0 helmet
rElec   .            k - +0 cloak
rCorr   .            (no gloves)
SInv    .            (no boots)
Will    .....        (no amulet)
Stlth   +            (no ring)
HPRegen 0.30/turn    (no ring)
MPRegen 0.11/turn

%: no passive effects
@: animating dead, glowing
A: runic magic, artefact enchanting
a: no special abilities


You were on level 5 of the Dungeon.
You visited 2 branches of the dungeon, and saw 6 of its levels.

You collected 215 gold pieces.


Innate Abilities, Weirdness & Mutations

Your spellcasting is much less encumbered by armour.
You can use scrolls of enchantment on lesser artefacts.


   Skills:
 + Level 6.7 Fighting
 + Level 1.9 Maces & Flails
 - Level 1.3 Dodging
 - Level 1.4 Stealth
 - Level 1.7 Spellcasting
 + Level 8.2 Necromancy


You had 4 spell levels left.
You knew the following spells:

 Your Spells              Type           Power      Damage    Failure   Level
a - Animate Dead          Necr           27%        N/A       9%          4
X - Necrotise             Necr           100%       1d9       1%          1

Your spell library contained the following spells:

 Spells                   Type           Power      Damage    Failure   Level
 Vampiric Draining        Necr           27%        2d7       2%          3
 Curse of Agony           Necr           27%        N/A       24%         5

Inventory:

Hand Weapons
 f - a +3 short sword
 s - a +2 whip of freezing (weapon)
Armour
 j - a +0 ring mail (worn)
 k - a +0 cloak (worn)
 m - an orb of light (worn)
 n - a +0 helmet (worn)
Magical Staves
 c - a staff of cold {!a}
Jewellery
 v - a ring of see invisible
 F - a ring of fire
Wands
 p - a wand of charming (19)
 q - a wand of flame (6)
Scrolls
 a - 2 scrolls of identify {unknown}
 g - 3 scrolls of teleportation {unknown}
 i - a scroll of fear {unknown}
 l - a scroll of blinking {unknown}
 r - a scroll of poison {unknown}
 t - a scroll of immolation {unknown}
Potions
 b - a potion of magic
 d - a potion of mutation {unknown}
 e - a potion of degeneration {unknown}
 h - a potion of curing {unknown}
 o - a potion of ambrosia {unknown}

Dungeon Overview and Level Annotations

Branches:
Dungeon (5/15)             Temple (1/1) D:5

Altars:
Gozag
Hepliaklqana
Makhleb
Sif Muna
Uskayaw
Xom

Annotations:
D:3 Sigmund, Terence

#<# ##.....## #.# #
#.......##...###..## #.#####
#.....!.#..#.# ##..### #......
#.........##.#####...####....░.
#...Y.^........@....<.......░.░
#.......####.########.#..#.░.░.
#.......# #.# ####....#..░.>
#......$####.#####....##...░.░.
#..gg@Z...##..#....░.░
#.#Z#########...#...░. #....#
#......... ...#.## #.........
..# #. #......... .. #.
#....##... . #. ......# .). #.
##....# ... #....#


You could see a gnoll sergeant (ally target), a gnoll (ally target) and 2
friendly gnoll zombies.


Message History

You hit the gnoll. You freeze the gnoll.
The gnoll is almost dead.
The gnoll sergeant hits you from afar with a +0 spear.
The gnoll hits you but does no damage.
You hit the gnoll but do no damage.
The gnoll is almost dead.
The gnoll sergeant hits you but does no damage.
The gnoll hits you with a +0 club.
You hit the gnoll. You freeze the gnoll.
You kill the gnoll!
The dead are walking!
The gnoll sergeant hits you from afar with a +0 spear.
* * * LOW HITPOINT WARNING * * *
The gnoll sergeant hits you with a +0 spear.
* * * LOW HITPOINT WARNING * * *
The gnoll hits you but does no damage.
Things that are here:
a +0 club; a +0 robe You hit the gnoll sergeant but do no damage.
The gnoll sergeant hits you with a +0 spear!
* * * LOW HITPOINT WARNING * * *
The gnoll hits you from afar with a +0 halberd.
* * * LOW HITPOINT WARNING * * *
Your gnoll zombie hits the gnoll.
You hit the gnoll sergeant. You freeze the gnoll sergeant.
The gnoll sergeant is lightly wounded.
The gnoll sergeant hits you with a +0 spear.
* * * LOW HITPOINT WARNING * * *
The gnoll hits you from afar with a +0 halberd!
You die...

Skill      XL: |  1  2  3  4  5  6  7 |
---------------+----------------------+-----
Fighting       | 1 2 3 4 6 |  6.7
Necromancy     | 5 6 7 8 |  8.2
Maces & Flails | 1 |  1.9
Dodging        | |  1.3
Stealth        | |  1.4
Spellcasting   | |  1.7

Action                     |  1- 3 |  4- 6 |  7- 9 || total
---------------------------+-------+-------+-------++-------
  Melee: Short sword       |    22 |    77 |       ||    99
         Unarmed           |     1 |       |       ||     1
         Whip              |       |       |    29 ||    29
   Cast: Necrotise         |    45 |    20 |    13 ||    78
         Animate Dead      |       |       |     1 ||     1
  Evoke: Wand              |       |    16 |       ||    16
 Armour: Robe              |     7 |       |       ||     7
         Ring mail         |     8 |    54 |    72 ||   134
  Dodge: Dodged            |    16 |    42 |    35 ||    93

Levels and vault maps discovered:
D:1:      mainiacjoe_arrival_oval_in_oval, layout_loops_cross,
          minmay_stone_trees_small
D:2:      layout_basic, hellmonk_ecumenical_altar_inner_sanctum
D:3:      layout_basic, nicolae_dithmenos_through_a_glass_darkly,
          amethyst_overflow_temple_binary, nicolae_ru_path_of_blood,
          moated_statue, uniq_jessica, uniq_terence, uniq_sigmund
D:4:      layout_rooms, grunt_decor_fettered
D:5:      layout_rooms, mainiacjoe_overflow_alcove_2, minmay_temple_entry_grid,
          uniq_ijyb, uniq_pikel, uniq_eustachio
Temple:   hellmonk_temple_beads

Notes
Turn   | Place    | Note
-------+----------+-------------------------------------------
     0 | D:1      | cforsyth the Mountain Dwarf Necromancer began the quest for
                  | the Orb.
     0 | D:1      | Reached XP level 1. HP: 14/14 MP: 3/3
   299 | D:1      | Reached skill level 1 in Fighting
   390 | D:1      | Reached XP level 2. HP: 23/23 MP: 0/4
  1050 | D:2      | You fall into a shaft and drop 1 floor!
  1101 | D:3      | Noticed Terence
  1126 | D:4      | Reached skill level 2 in Fighting
  1126 | D:4      | Reached skill level 5 in Necromancy
  1126 | D:4      | Reached XP level 3. HP: 24/29 MP: 0/5
  1579 | D:4      | Reached skill level 3 in Fighting
  1579 | D:4      | Reached XP level 4. HP: 38/38 MP: 0/6
  1955 | D:5      | Entered Level 5 of the Dungeon
  1964 | D:5      | Noticed Ijyb
  1976 | D:5      | Killed Ijyb
  2043 | D:5      | HP: 2/38 [iguana (3)]
  2047 | D:5      | Reached XP level 5. HP: 3/45 MP: 4/7
  2295 | D:5      | Learned a level 4 spell: Animate Dead
  2315 | D:5      | Noticed Eustachio
  2332 | D:3      | Noticed Sigmund
  2375 | D:5      | Noticed Pikel
  2375 | D:5      | Noticed a lemure
  2375 | D:5      | Noticed a lemure
  2375 | D:5      | Noticed a lemure
  2375 | D:5      | Noticed a lemure
  2375 | D:5      | Noticed an ice beast
  2397 | D:4      | Killed a lemure
  2637 | D:5      | Noticed an ice beast
  2644 | D:4      | Reached skill level 6 in Necromancy
  3114 | D:5      | Killed an ice beast
  3115 | D:5      | Reached skill level 4 in Fighting
  3173 | D:5      | Killed an ice beast
  3174 | D:5      | Reached XP level 6. HP: 31/55 MP: 8/8
  3412 | D:4      | Killed Pikel
  3413 | D:4      | Reached skill level 6 in Fighting
  3413 | D:4      | Reached skill level 7 in Necromancy
  3413 | D:4      | Reached XP level 7. HP: 17/64 MP: 7/9
  3698 | D:5      | Reached skill level 8 in Necromancy
  3963 | D:5      | Killed Eustachio
  3964 | D:5      | Reached skill level 1 in Maces & Flails
  4022 | D:5      | Found a staircase to the Ecumenical Temple.
  4031 | Temple   | Entered the Ecumenical Temple
  4078 | D:5      | HP: 5/64 [gnoll sergeant/+0 spear (4)]
  4078 | D:5      | Slain by a gnoll

Vanquished Creatures
  Pikel (D:4)
  Eustachio (D:5)
  2 ice beasts (D:5)
  A lemure (D:4)
  A bombardier beetle (D:4)
  2 iguanas
  Ijyb (D:5)
  A sleepcap (D:5)
  3 gnolls
  3 adders
  A ribbon worm (D:2)
  3 dart slugs
  A bat (D:1)
  3 endoplasms (D:4)
  2 giant cockroaches (D:1)
  2 goblins
  A quokka (D:1)
  4 ball pythons
  A frilled lizard (D:1)
  A kobold (D:1)
  A rat (D:1)
36 creatures vanquished.

Vanquished Creatures (collateral kills)
  A goblin (D:3)
1 creature vanquished.

Grand Total: 37 creatures vanquished

Table legend: (Time is in decaauts)
 A = Elapsed time spent in this place.
 B = Non-inter-level travel time spent in this place.
 C = Inter-level travel time spent in this place.
 D = Time resting spent in this place.
 E = Time spent auto-exploring this place.
 F = Levels seen in this place.
 G = Mean time per level.
                   A        B        C        D        E       F      G
               +--------+--------+--------+--------+--------+-----+--------+
         Total |   4082 |   3900 |    182 |   1331 |   1928 |   6 |  680.3 |
       Dungeon |   4080 |   3898 |    182 |   1331 |   1928 |   5 |  816.0 |
        Temple |      1 |      1 |      0 |      0 |      0 |   1 |    1.0 |
               +--------+--------+--------+--------+--------+-----+--------+

Top non-repeatable levels by time:
     D:4: 1858 daAuts
     D:5: 1097 daAuts
     D:1: 965 daAuts
     D:2: 83 daAuts
     D:3: 75 daAuts
  Temple: 1 daAuts

Table legend:
 A = Non-vault XP
 B = Vault XP
 C = Vault XP percentage of total XP
 D = Non-vault monster count
 E = Vault monster count
 F = Vault count percentage of total count
                 A         B        C        D         E       F
            +---------+---------+-------+---------+---------+-------
      Total |     535 |     849 |  61.3 |      33 |       3 |   8.3
            +---------+---------+-------+---------+---------+-------
        D:1 |      22 |       0 |   0.0 |      11 |       0 |   0.0
        D:2 |       7 |       0 |   0.0 |       2 |       0 |   0.0
        D:3 |       4 |       0 |   0.0 |       3 |       0 |   0.0
        D:4 |     120 |     617 |  83.7 |       9 |       1 |  10.0
        D:5 |     382 |     232 |  37.8 |       8 |       2 |  20.0
            +---------+---------+-------+---------+---------+-------
